 Dungeon Crawl Stone Soup version 0.22.1-6-g1668fe2 (console) character file.

2954 potiron the Charmwright (level 9, 0/79 HPs)
             Began as a Naga Skald on Jan 17, 2019.
             Was a Priest of Cheibriados.
             Slain by Gastronok (18 damage)
             ... on level 10 of the Dungeon.
             The game lasted 00:38:14 (7245 turns).

potiron the Charmwright (Naga Skald)                Turns: 7245, Time: 00:38:15

Health: 0/79       AC:  7    Str: 22    XL:     9   Next: 81%
Magic:  18/25      EV: 10    Int: 24    God:    Cheibriados [***...]
Gold:   342        SH:  0    Dex: 19    Spells: 8/17 levels left

rFire    . . .     SeeInvis +   a - +3 trident
rCold    . . .     Gourm    .   (no shield)
rNeg     . . .     Faith    .   A - +0 ring mail
rPois    +         Spirit   .   I - +0 hat
rElec    .         Reflect  .   (no cloak)
rCorr    +         Harm     .   F - +0 pair of gloves
MR       +....                  (no barding)
Stlth    +.........             x - amulet of magic regeneration
HPRegen  1.23/turn              E - ring of resist corrosion
MPRegen  0.44/turn              M - ring of magical power

@: singing, regenerating, slowed, very slow
A: large, see invisible, deformed body, poison resistance, slowness 2, slow
metabolism 1, spit poison 1, AC +3
a: Spit Poison, Bend Time, Temporal Distortion, Renounce Religion


You were on level 10 of the Dungeon.
You worshipped Cheibriados.
Cheibriados was most pleased with you.
You were not hungry.

You visited 2 branches of the dungeon, and saw 10 of its levels.

You collected 342 gold pieces.

Inventory:

Hand Weapons
 a - a +3 trident (weapon)
 b - a +0 hand crossbow
 q - a cursed -3 blowgun
 r - a +0 spear
 t - a +0 morningstar
 w - a +2 halberd of venom
Missiles
 f - 43 poisoned needles
 p - 4 curare-tipped needles
 y - 39 bolts
 z - 7 steel javelins (quivered)
Armour
 A - a +0 ring mail (worn)
 F - a +0 pair of gloves (worn)
 G - a +0 leather armour
 I - a +0 hat (worn)
Jewellery
 x - an amulet of magic regeneration (around neck)
 E - a ring of resist corrosion (left hand)
 M - a ring of magical power (right hand)
Wands
 l - a wand of polymorph (15)
 s - a wand of flame (14)
 u - a wand of paralysis (22)
 O - a wand of acid (11)
Scrolls
 e - 4 scrolls of remove curse
 g - a scroll of noise {unknown}
 i - 3 scrolls of identify
 k - a scroll of fear {unknown}
 m - 3 scrolls of enchant weapon {unknown}
 B - a scroll of fog {unknown}
 D - a scroll of brand weapon {unknown}
 H - 3 scrolls of amnesia {unknown}
 J - a scroll of immolation {unknown}
 N - a scroll of silence {unknown}
Potions
 c - 2 potions of lignification
 h - 5 potions of brilliance
 j - a potion of might
 n - a potion of heal wounds
 o - 2 potions of magic
 v - a potion of degeneration
 C - 2 potions of agility
 K - a potion of curing
 L - a potion of flight
Comestibles
 d - 13 rations
 P - 4 chunks of flesh


   Skills:
 + Level 4.5 Fighting
 + Level 5.7 Polearms
 + Level 3.0 Armour
 + Level 2.7 Dodging
 + Level 4.7 Spellcasting
 + Level 4.8 Hexes
 + Level 6.0 Charms
 + Level 2.4 Necromancy
 * Level 5.2 Invocations


You had 8 spell levels left.
You knew the following spells:

 Your Spells              Type           Power        Failure   Level  Hunger
a - Infusion              Chrm           ####         1%          1    None
r - Regeneration          Chrm/Necr      ####......   8%          3    ##.....
s - Song of Slaying       Chrm           ####....     1%          2    None
w - Spectral Weapon       Hex/Chrm       ####....     4%          3    ##.....

Your spell library contained the following spells:

 Spells                   Type           Power        Failure   Level  Hunger
 Shroud of Golubria       Chrm/Tloc      ###.......   6%          2    None
 Swiftness                Chrm/Air       ###.....     6%          2    None
 Shock                    Conj/Air       #...         14%         1    None
 Static Discharge         Conj/Air       #.......     38%         3    ##.....
 Airstrike                Air            #.........   80%         4    ####...
 Lightning Bolt           Conj/Air       #.........   98%         5    #####..


Dungeon Overview and Level Annotations

Branches:
Dungeon (8/15)             Temple (1/1) D:4
   Lair: D:8-11

Altars:
Ashenzari
Cheibriados
Dithmenos
Elyvilon
Fedhas
Gozag
Hepliaklqana
Kikubaaqudgha
Makhleb
Nemelex Xobeh
Okawaru
Qazlal
Ru
Sif Muna
Trog
Uskayaw
Vehumet
Wu Jian
Xom
Yredelemnul
Zin
The Shining One

Annotations:
D:3 3 runed doors, kalagan's ghost, amateur DEEE
D:6 3 runed doors, Turgon's ghost, novice DrMo
D:7 2 runed doors, SilentRunner's ghost, novice MiFi
D:10 Gastronok


Innate Abilities, Weirdness & Mutations

You cannot wear boots.
Your serpentine skin is tough. (AC +3)
You have supernaturally acute eyesight. (SInv)
Armour fits poorly on your strangely shaped body.
Your system is resistant to poisons. (rPois)
You cover ground very slowly.
You have a slow metabolism.
You can spit poison.


Message History

Your Armour skill increases to level 3!
Your Charms skill increases to level 6!
You puncture Gastronok!
Gastronok is lightly wounded.
Your spectral weapon hits Gastronok from afar!
Gastronok looks at you and mumbles some strange words.
You feel yourself slow down.
You completely miss Gastronok.
Gastronok is lightly wounded.
Your spectral weapon hits Gastronok from afar!
Gastronok bites you!
* * * LOW HITPOINT WARNING * * *
You puncture Gastronok!
Gastronok is moderately wounded.
Your spectral weapon hits Gastronok from afar!
You hit Gastronok.
Gastronok is moderately wounded.
You are no longer magically infusing your attacks.
Your spectral weapon fades away.
Gastronok bites you!!
You die...

#####.#......#..#
......'......#..######
......#......#.......#
......########.......#
.....................#
#################....#
.......#....#
.......#....#
.......@....#
......w#.....#
##.....#.....#
#.....#.....#
#.....#.....#
#.....#.....#
#.....#.....# #.....
.....#


You could see Gastronok.

Vanquished Creatures
  Joseph (D:7)
  Prince Ribbit (D:7)
  A wyvern (D:8)
  A hungry ghost (D:4)
  Menkaure (D:4)
  An ice beast (D:7)
  A sky beast (D:6)
  A phantom (D:5)
  A necrophage (D:5)
  2 ogres
  2 centaurs
  2 bullfrogs
  A scorpion (D:6)
  2 howler monkeys
  2 crimson imps
  A centaur zombie (D:7)
  2 jellies
  2 hounds
  2 bullfrog zombies
  5 orc priests
  2 iguanas (D:4)
  6 orc wizards
  Natasha (thrice) (D:3)
  8 worker ants
  A hound skeleton (D:6)
  A river rat (D:4)
  14 adders
  A shadow imp (D:5)
  2 oozes (D:1)
  2 adder skeletons (D:8)
  An adder zombie (D:6)
  A worm (D:2)
  4 leopard geckos
  29 orcs
  A ball python (D:3)
  6 bats
  6 giant cockroaches
  3 goblins
  7 hobgoblins
  7 jackals
  5 quokkas
  3 frilled lizards
  A jackal skeleton (D:6)
  9 kobolds
  A leopard gecko skeleton (D:6)
  5 rats
  A spectral orc (D:3)
162 creatures vanquished.

Vanquished Creatures (others)
  A spectral weapon (D:7)
1 creature vanquished.

Grand Total: 163 creatures vanquished

Notes
Turn   | Place    | Note
-------+----------+-------------------------------------------
     0 | D:1      | potiron the Naga Skald began the quest for the Orb.
     0 | D:1      | Reached XP level 1. HP: 19/19 MP: 3/3
    21 | D:1      | Reached XP level 2. HP: 21/26 MP: 1/5
   636 | D:1      | Reached XP level 3. HP: 32/32 MP: 6/6
   641 | D:1      | Learned a level 3 spell: Spectral Weapon
   813 | D:1      | Found a glowing golden altar of the Shining One.
  1199 | D:2      | Reached skill level 1 in Hexes
  1869 | D:3      | Reached XP level 4. HP: 31/39 MP: 7/7
  1885 | D:3      | Noticed Natasha
  1894 | D:3      | Killed Natasha
  1955 | D:3      | Reached skill level 4 in Charms
  1976 | D:3      | Found a runed gate.
  1977 | D:3      | Found a runed gate.
  1978 | D:3      | Found a runed gate.
  1980 | D:3      | Noticed kalagan's ghost (amateur DEEE)
  2068 | D:3      | Learned a level 3 spell: Regeneration
  2189 | D:3      | Noticed Natasha
  2203 | D:3      | Killed Natasha
  2203 | D:3      | Reached XP level 5. HP: 10/45 MP: 2/9
  2415 | D:3      | Noticed Natasha
  2420 | D:3      | Killed Natasha
  2420 | D:3      | Reached skill level 1 in Necromancy
  2489 | D:3      | Found a basalt altar of Yredelemnul.
  2712 | D:3      | Found a blossoming altar of Fedhas.
  3049 | D:4      | Reached XP level 6. HP: 37/52 MP: 2/10
  3087 | D:4      | Noticed Menkaure
  3095 | D:4      | Killed Menkaure
  3095 | D:4      | Reached skill level 1 in Armour
  3369 | D:4      | Reached XP level 7. HP: 29/61 MP: 8/11
  3466 | D:4      | Found a staircase to the Ecumenical Temple.
  3475 | Temple   | Entered the Ecumenical Temple
  3658 | Temple   | Became a worshipper of Cheibriados the Contemplative
  3834 | D:4      | Reached skill level 1 in Invocations
  3917 | D:4      | Noticed a hungry ghost
  3927 | D:4      | Killed a hungry ghost
  4126 | D:5      | Entered Level 5 of the Dungeon
  4152 | D:5      | Found a sacrificial altar of Ru.
  4317 | D:5      | Reached XP level 8. HP: 69/69 MP: 9/12
  4322 | D:5      | Reached * piety under Cheibriados
  4717 | D:5      | Learned a level 2 spell: Song of Slaying
  4914 | D:6      | HP: 2/69 [orc priest/mace (10)]
  4987 | D:6      | Reached ** piety under Cheibriados
  5069 | D:6      | Reached skill level 5 in Charms
  5282 | D:6      | Found a blossoming altar of Fedhas.
  5282 | D:6      | Found a radiant altar of Vehumet.
  5683 | D:6      | Found a runed gate.
  5687 | D:6      | Found a runed gate.
  5688 | D:6      | Found a runed gate.
  5688 | D:6      | Noticed Turgon's ghost (novice DrMo)
  5794 | D:7      | Noticed Joseph
  5993 | D:7      | Found a large runed door.
  5993 | D:7      | Found a large runed door.
  6022 | D:7      | Noticed SilentRunner's ghost (novice MiFi)
  6160 | D:7      | Reached XP level 9. HP: 61/78 MP: 14/14
  6361 | D:7      | Killed Joseph
  6361 | D:7      | Reached skill level 5 in Polearms
  6454 | D:7      | Reached *** piety under Cheibriados
  6502 | D:7      | Noticed Prince Ribbit
  6512 | D:7      | Killed Prince Ribbit
  6848 | D:8      | Reached skill level 5 in Invocations
  6903 | D:8      | Found an iron altar of Okawaru.
  7170 | D:8      | You fall through a shaft for 2 floors!
  7170 | D:10     | Entered Level 10 of the Dungeon
  7230 | D:10     | Noticed Gastronok
  7241 | D:10     | Reached skill level 6 in Charms
  7245 | D:10     | Slain by Gastronok

Skill      XL: |  1  2  3  4  5  6  7  8  9 |
---------------+----------------------------+-----
Hexes          | 1 2 3 4 |  4.8
Charms         | 4 5 6 |  6.0
Necromancy     | 2 |  2.4
Armour         | 1 2 3 |  3.0
Spellcasting   | 3 4 |  4.7
Invocations    | 2 3 5 |  5.2
Dodging        | 2 |  2.7
Fighting       | 3 4 |  4.5
Polearms       | 3 4 5 |  5.7

Action                   |  1- 3 |  4- 6 |  7- 9 || total
-------------------------+-------+-------+-------++-------
Melee: Spear             |   149 |    52 |       ||   201
       Trident           |       |   134 |   206 ||   340
       Halberd           |       |       |    54 ||    54
Throw: Javelin           |       |       |     1 ||     1
 Cast: Infusion          |     1 |       |     8 ||     9
       Spectral Weapon   |     2 |    11 |    37 ||    50
       Regeneration      |       |     6 |     7 ||    13
       Song of Slaying   |       |       |     7 ||     7
Invok: Temporal Distorti |       |       |     1 ||     1
 Abil: Spit Poison       |       |     4 |       ||     4
Evoke: Wand              |       |     1 |       ||     1
  Use: Potion            |       |     4 |       ||     4
       Scroll            |       |       |     5 ||     5
 Stab: Sleeping          |       |     1 |       ||     1
       Distracted        |       |       |     3 ||     3
  Eat: Chunk             |     2 |     7 |    14 ||    23
       Ration            |       |       |     1 ||     1
Armor: Leather armour    |    10 |    37 |    36 ||    83
       Ring mail         |    20 |       |    26 ||    46
       Skin              |       |    12 |       ||    12
Dodge: Dodged            |    52 |    94 |   106 ||   252
